 Dungeon Crawl Stone Soup version 0.30.0-29-ga12c61a403 (webtiles) character file.

Game seed: 4373282496206828628

38 monsoonserge the Trooper (level 3, 0/39 HPs)
             Began as an Ogre Cinder Acolyte on June 6, 2023.
             Was a High Priest of Ignis.
             Slain by Terence
             ... wielding a +0 flail
              (8 damage)
             ... on level 2 of the Dungeon.
             The game lasted 00:03:22 (1109 turns).

monsoonserge the Trooper (Ogre Cinder Acolyte)      Turns: 1109, Time: 00:03:23

Health: 0/39       AC:  3    Str: 20    XL:     3   Next: 43%
Magic:  0/5        EV:  9    Int: 15    God:    Ignis [*****.]
Gold:   86         SH:  0    Dex:  4    Spells: 2/4 levels left

rFire   + . .        l - +0 war axe
rCold   . . .        (no shield)
rNeg    . . .        b - +0 robe
rPois   .            (helmet restricted)
rElec   .            (no cloak)
rCorr   .            (gloves unavailable)
SInv    .            (boots unavailable)
Will    .....        (no amulet)
Stlth   +            (no ring)
HPRegen 0.26/turn    (no ring)
MPRegen 0.09/turn

%: no passive effects
@: no status effects
A: large, unfitting armour, tough skin 1
a: Renounce Religion, Fiery Armour, Foxfire Swarm, Rising Flame


You were on level 2 of the Dungeon.
You worshipped Ignis.
Ignis was extremely pleased with you.
You visited 1 branch of the dungeon, and saw 2 of its levels.

You collected 86 gold pieces.

Inventory:

Hand Weapons
 a - a -1 hand axe of flaming
 c - a +0 mace of holy wrath
 l - a +0 war axe (weapon)
Missiles
 g - 3 curare-tipped darts (quivered)
Armour
 b - a +0 robe (worn)
Jewellery
 f - a ring of ice
Scrolls
 d - 2 scrolls of fear {unknown}
 e - a scroll of torment {unknown}
 i - a scroll of fog {unknown}
 j - a scroll of identify {unknown}
Potions
 h - a potion of cancellation {unknown}
 k - 2 potions of might {unknown}
 m - a potion of flight {unknown}


   Skills:
 + Level 4.2 Fighting
 + Level 3.5 Axes
 + Level 0.2 Dodging
 + Level 1.4 Spellcasting
 + Level 3.3 Fire Magic


You had 2 spell levels left.
You knew the following spells:

 Your Spells              Type           Power      Damage    Failure   Level
a - Scorch                Fire           22%        2d6       9%          2

Your spell library contained the following spells:

 Spells                   Type           Power      Damage    Failure   Level


Dungeon Overview and Level Annotations

Branches:
Dungeon (2/15)

Altars:

Annotations:
D:2 Terence


Innate Abilities, Weirdness & Mutations

You are too large for most types of armour.
You have tough skin. (AC +1)


Message History

Confirm with . or Enter, or press ? or * to list all spells.
You miscast Scorch.
You are very lightly contaminated with residual magic.
Nothing appears to happen.
Terence hits you with a +0 flail.
Unknown command.
Casting: Scorch (safe; 9% risk of failure)
Confirm with . or Enter, or press ? or * to list all spells.
Flames lash Terence but do no damage.
Terence barely misses you.
You hit Terence but do no damage.
Terence is lightly wounded.
Terence hits you with a +0 flail. x2
You hit Terence.
Terence is moderately wounded.
Terence closely misses you.
You slash Terence!
Terence is severely wounded.
Terence hits you with a +0 flail.
You closely miss Terence.
Terence is severely wounded.
Terence hits you with a +0 flail! Terence barely misses you.
You hit Terence but do no damage.
Terence is severely wounded.
Terence hits you with a +0 flail.
Your magical contamination has completely faded away.
You hit Terence but do no damage.
Terence is severely wounded.
Terence barely misses you.
You barely miss Terence.
Terence is severely wounded.
Terence hits you but does no damage. Terence barely misses you.
Casting: Scorch (safe; 9% risk of failure)
Confirm with . or Enter, or press ? or * to list all spells.
Flames lash Terence.
Terence is almost dead.
Terence's fire resistance burns away.
Terence hits you with a +0 flail!
* * * LOW HITPOINT WARNING * * *
You hit Terence but do no damage.
Terence is almost dead.
Terence hits you with a +0 flail!
You die...

... ... # ... ##.
#... ... ###.
.###!# .... ....
#####.###@####.#
#........@.....#
#.#.###............
#.# #..#####.....
#.# #..# ####
#.#.###..#
#.#......#
#.######.#
#.######.#
#........#


You could see Terence (combustible).

Vanquished Creatures
  4 dart slugs (D:1)
  2 ball pythons (D:1)
  5 endoplasms (D:1)
  2 goblins (D:1)
  A hobgoblin (D:1)
  3 kobolds (D:1)
  A quokka (D:1)
  3 bats
  2 frilled lizards (D:1)
  6 rats (D:1)
29 creatures vanquished.

Notes
Turn   | Place    | Note
-------+----------+-------------------------------------------
     0 | D:1      | monsoonserge the Ogre Cinder Acolyte began the quest for
                  | the Orb.
     0 | D:1      | Reached XP level 1. HP: 24/24 MP: 2/2
   142 | D:1      | Reached XP level 2. HP: 32/32 MP: 3/3
   146 | D:1      | Learned a level 2 spell: Scorch
   467 | D:1      | Reached XP level 3. HP: 30/39 MP: 0/4
  1096 | D:2      | Noticed Terence
  1109 | D:2      | Slain by Terence

Illustrated notes

Levels and vault maps discovered:
D:1:      psy_arrival_wood_between_worlds, layout_basic
D:2:      layout_basic, hellmonk_ecumenical_altar_prayer_group, uniq_terence

Skill      XL: |  1  2 |
---------------+-------+-----
Fire Magic     | 3 |  3.3
Fighting       | |  4.2
Axes           | |  3.5
Dodging        | |  0.2
Spellcasting   | |  1.4

Action                     || total
---------------------------++-------
  Melee: Hand axe          ||    56
         Punch             ||     1
         War axe           ||    12
   Cast: Scorch            ||    11
 Armour: Robe              ||    17
  Dodge: Dodged            ||    35
